AoeStats
← CrytoSky

Black Forest

504859607Analyzed
3v3 RM · 26d ago on Sep 6, 2026· 65m 25s· 6 players
Game mode
Random Map
Map size
Normal (6 player)
Population
200
Speed
Normal
Resources
Standard
Victory
Conquest
Starting age
Dark Age
Ending age
Imperial Age
RankedLock teamsTeams togetherTeam positionsShared explorationLock speedFull tech treeHidden civsTurbo modeCheats
Victory
Defeat
🇪🇸 Goths · Spain
720
+12
🇹🇷 Persians · Türkiye
667
+14
🇹🇷 Huns · Türkiye
819
-56
🇹🇷 Britons · Türkiye
606
-12
🇹🇷 Turks · Türkiye
474
-7
TrakaTra
0:32 Loom
15:05 Feudal Age
17:26 Double-Bit Axe
18:28 Wheelbarrow
17:37 Horse Collar
22:54 Castle Age
24:37 Heavy Plow
27:55 Forging
27:48 Gold Mining
28:16 Bow Saw
29:41 Hand Cart
31:26 Caravan
31:56 Coinage
31:48 Stone Mining
32:18 Forging
32:09 Scale Mail Armor
34:41 Stone Shaft Mining
34:04 Town Watch
35:37 Squires
34:57 Pikeman
39:17 Imperial Age
37:54 Town Patrol
38:34 Iron Casting
37:50 Fletching
38:01 Padded Archer Armor
39:49 Capped Ram
41:43 Anarchy
41:55 Anarchy
42:32 Banking
42:18 Guilds
42:53 Crop Rotation
43:54 Two-Man Saw
43:07 Halberdier
44:34 Perfusion
48:00 Blast Furnace
47:16 Chain Mail Armor
47:17 Leather Archer Armor
46:57 Bodkin Arrow
47:08 Scale Barding Armor
47:36 Husbandry
47:47 Bloodlines
47:22 Onager
49:31 Ballistics
50:12 Chemistry
49:03 Heated Shot
49:08 Elite Skirmisher
52:45 Bracer
53:16 Ring Archer Armor
53:07 Chain Barding Armor
53:01 Masonry
52:47 Murder Holes
53:05 Man-at-Arms
53:38 Elite Huskarl
58:49 Crossbowman
58:50 Heavy Cavalry Archer
58:55 Heavy Scorpion
59:17 Light Cavalry
Anͥgrͣyͫやo†α†o ʕ•ᴥ•ʔ [ESP]
0:30 Loom
13:33 Feudal Age
14:53 Wheelbarrow
14:06 Town Watch
15:19 Double-Bit Axe
18:53 Horse Collar
20:58 Gold Mining
20:59 Stone Mining
24:05 Castle Age
25:07 Bow Saw
25:03 Heavy Plow
28:20 Masonry
29:48 Husbandry
29:59 Bloodlines
34:16 Imperial Age
32:01 Forging
31:57 Scale Barding Armor
33:11 Caravan
34:08 Cavalier
36:10 Chain Barding Armor
36:26 Iron Casting
36:49 Stone Shaft Mining
37:09 Gold Shaft Mining
37:43 Architecture
40:24 Guilds
40:05 Savar
40:58 Murder Holes
45:43 Two-Man Saw
45:33 Devotion
46:28 Conscription
50:06 Citadels
51:27 Chemistry
51:13 Plate Barding Armor
51:41 Blast Furnace
51:35 Crop Rotation
51:13 Town Patrol
52:45 Hoardings
54:08 Fletching
55:08 Faith
54:58 Fervor
55:04 Block Printing
55:12 Ballistics
54:34 Sappers
59:35 Bodkin Arrow
59:42 Padded Archer Armor
61:45 Theocracy
61:06 Herbal Medicine
61:06 Heated Shot
61:13 Arson
61:28 Squires
61:14 Gambesons
61:49 Leather Archer Armor
61:02 Elite War Elephant
Chairman32
13:30 Feudal Age
14:11 Horse Collar
14:19 Double-Bit Axe
16:32 Wheelbarrow
16:34 Gold Mining
16:37 Stone Mining
25:55 Loom
29:10 Castle Age
30:41 Heavy Plow
31:24 Stone Shaft Mining
31:26 Gold Shaft Mining
31:02 Forging
30:57 Scale Barding Armor
31:04 Bow Saw
33:30 Iron Casting
33:16 Chain Barding Armor
35:33 Imperial Age
33:35 Hand Cart
33:36 Caravan
36:00 Town Watch
36:02 Loom
36:07 Town Watch
37:26 Blast Furnace
37:02 Plate Barding Armor
37:32 Town Patrol
39:27 Squires
41:00 Conscription
42:25 Chemistry
41:33 Murder Holes
41:53 Masonry
41:57 Careening
42:00 Clinker Construction
41:56 Siphons
41:41 Guard Tower
41:42 Heated Shot
42:13 Ballistics
42:52 Fervor
42:59 Block Printing
42:45 Devotion
43:22 Theocracy
42:43 Herbal Medicine
42:54 Scale Mail Armor
45:31 Faith
45:50 Elite War Elephant
47:32 Citadels
48:22 Husbandry
48:32 Bloodlines
50:17 Chain Mail Armor
50:40 Architecture
52:40 Plate Mail Armor
FATİH
12:17 Feudal Age
14:53 Double-Bit Axe
14:51 Horse Collar
18:09 Castle Age
17:31 Gold Mining
17:31 Stone Mining
19:26 Padded Archer Armor
19:17 Fletching
20:22 Wheelbarrow
22:42 Hand Cart
22:42 Forging
23:21 Bow Saw
23:21 Heavy Plow
24:28 Loom
24:32 Town Watch
25:36 Town Patrol
26:44 Scale Mail Armor
27:28 Gold Shaft Mining
27:53 Caravan
28:34 Coinage
30:12 Leather Archer Armor
29:53 Bodkin Arrow
30:13 Chain Mail Armor
30:33 Iron Casting
34:07 Imperial Age
32:26 Iron Casting
31:58 Scale Barding Armor
35:33 Hoardings
36:08 Blast Furnace
35:38 Ring Archer Armor
37:16 Guilds
37:36 Banking
38:06 Ring Archer Armor
39:04 Chemistry
37:49 Arrowslits
37:55 Guard Tower
38:16 Masonry
39:34 Banking
39:29 Elite Longbowman
40:10 Murder Holes
40:27 Fortified Wall
40:24 Siege Engineers
40:28 Bracer
44:37 Plate Mail Armor
44:27 Chain Barding Armor
44:41 Architecture
44:47 Keep
43:55 Treadmill Crane
44:05 Heated Shot
44:36 Ballistics
51:59 Plate Barding Armor
FZL
5:42 Loom
14:55 Feudal Age
23:22 Castle Age
21:48 Double-Bit Axe
21:49 Horse Collar
22:01 Gold Mining
23:09 Stone Mining
32:24 Imperial Age
30:33 Wheelbarrow
29:49 Town Watch
31:48 Scale Barding Armor
33:16 Hand Cart
33:02 Town Patrol
34:53 Squires
34:38 Arson
35:31 Man-at-Arms
37:30 Gold Shaft Mining
37:11 Bow Saw
37:06 Heavy Plow
37:21 Thumb Ring
37:46 Parthian Tactics
36:46 Heavy Cavalry Archer
36:47 Crossbowman
37:01 Long Swordsman
38:51 Bombard Tower
38:53 Ballistics
38:18 Arrowslits
39:31 Chain Barding Armor
39:14 Padded Archer Armor
39:04 Fletching
39:29 Forging
39:34 Fortified Wall
40:00 Caravan
39:47 Two-Handed Swordsman
43:49 Bodkin Arrow
44:10 Leather Archer Armor
47:25 Ring Archer Armor
47:08 Bracer
47:47 Masonry
51:13 Two-Man Saw
CrytoSky
16:10 Feudal Age
17:02 Loom
18:36 Wheelbarrow
20:24 Horse Collar
24:00 Castle Age
23:10 Double-Bit Axe
23:22 Gold Mining
27:53 Hand Cart
27:24 Town Watch
28:22 Caravan
28:53 Coinage
34:27 Gold Shaft Mining
33:46 Stone Mining
34:08 Bow Saw
34:02 Heavy Plow
36:03 Town Patrol
41:12 Imperial Age
42:40 Scale Barding Armor
42:36 Scale Mail Armor
42:47 Forging
42:27 Fletching
42:38 Padded Archer Armor
42:47 Pikeman
43:28 Squires
43:17 Arson
44:07 Chain Barding Armor
44:56 Guilds
45:16 Banking
45:53 Chemistry
45:11 Chain Mail Armor
45:31 Iron Casting
45:22 Bodkin Arrow
45:21 Cavalier
45:26 Light Cavalry
46:24 Bloodlines
46:14 Halberdier
46:17 Man-at-Arms
47:02 Husbandry
46:26 Hussar
46:30 Paladin
49:23 Masonry
49:09 Murder Holes
49:25 Careening
49:26 Clinker Construction
51:12 Two-Man Saw
53:40 Plate Barding Armor
54:06 Blast Furnace
53:06 Bracer
53:21 Leather Archer Armor
53:30 Ballistics
57:43 Elite Tarkan
58:23 Marauders
58:44 Atheism
Connection lost

Rejoining the realm…

Still unreachable

The connection could not be restored.

Session expired

The server has moved on; the page needs a fresh start.